AoeStats
← istorm

Arena

504918265Analyzed
3v3 RM · 24d ago on Sep 7, 2026· 43m 27s· 6 players
Game mode
Random Map
Map size
Normal (6 player)
Population
200
Speed
Normal
Resources
Standard
Victory
Conquest
Starting age
Dark Age
Ending age
Imperial Age
RankedLock teamsTeams togetherTeam positionsShared explorationLock speedFull tech treeHidden civsTurbo modeCheats
Victory
Defeat
🇦🇷 Burgundians · Argentina
1484
+11
🇲🇴 Britons · Macao SAR China
1423
+13
🇦🇺 Byzantines · Australia
1382
+16
1476
-17
🇵🇪 Byzantines · Peru
1454
-16
🇲🇽 Celts · Mexico
1176
-7
dont help
8:49 Feudal Age
9:33 Gold Mining
15:34 Castle Age
13:22 Loom
15:38 Castle Age
14:01 Stone Mining
15:27 Double-Bit Axe
19:36 Wheelbarrow
23:42 Fletching
24:37 Horse Collar
25:58 Bodkin Arrow
30:03 Hand Cart
30:18 Ballistics
34:44 Imperial Age
33:07 Gold Shaft Mining
33:21 Bow Saw
35:05 Padded Archer Armor
35:47 Conscription
34:52 Crossbowman
35:38 Bracer
36:30 Masonry
36:59 Hoardings
36:55 Heavy Plow
38:11 Chemistry
37:45 Leather Archer Armor
38:30 Yeomen
39:07 Architecture
40:01 Ring Archer Armor
39:25 Elite Longbowman
41:35 Capped Ram
Casualstone
10:39 Feudal Age
14:18 Castle Age
12:50 Double-Bit Axe
12:46 Horse Collar
20:37 Loom
24:09 Wheelbarrow
28:36 Bow Saw
36:06 Imperial Age
33:48 Scale Barding Armor
33:42 Stone Mining
34:18 Gold Mining
34:42 Forging
35:03 Heavy Plow
35:52 Chain Barding Armor
36:46 Husbandry
37:27 Iron Casting
38:24 Hand Cart
38:41 Crop Rotation
39:12 Two-Man Saw
39:41 Plate Barding Armor
39:37 Elite Cataphract
41:37 Logistica
istorm
3:34 Double-Bit Axe
9:11 Feudal Age
9:20 Horse Collar
10:04 Bow Saw
10:10 Heavy Plow
11:57 Wheelbarrow
17:23 Castle Age
16:01 Gold Mining
18:04 Light Cavalry
22:41 Hand Cart
24:06 Cavalier
24:46 Husbandry
26:19 Scale Barding Armor
28:07 Chain Barding Armor
27:58 Forging
30:29 Imperial Age
28:39 Squires
28:40 Scale Mail Armor
29:35 Stone Mining
30:36 Iron Casting
30:10 Town Watch
31:25 Chain Mail Armor
32:40 Chemistry
33:04 Plate Mail Armor
33:34 Blast Furnace
34:44 Hussar
36:00 Plate Barding Armor
36:13 Conscription
35:50 Arson
36:17 Capped Ram
38:38 Burgundian Vineyards
39:33 Crop Rotation
39:00 Loom
42:42 Gold Shaft Mining
42:42 Stone Shaft Mining
41:39 Elite Coustillier
Smitty WerbenJägerManJensen
11:05 Feudal Age
14:56 Castle Age
13:33 Double-Bit Axe
13:51 Padded Archer Armor
18:58 Leather Archer Armor
23:15 Bloodlines
24:26 Husbandry
29:00 Wheelbarrow
28:12 Loom
29:24 Horse Collar
33:38 Imperial Age
32:29 Hand Cart
32:56 Gold Mining
33:15 Heavy Plow
33:40 Bow Saw
34:54 Ring Archer Armor
34:40 Elite Conquistador
Baham
10:38 Feudal Age
14:41 Castle Age
13:30 Double-Bit Axe
27:33 Loom
32:23 Ballistics
36:15 Imperial Age
34:24 Gold Mining
37:32 Heavy Scorpion
39:19 Siege Engineers
AstraLys
7:36 Loom
10:19 Feudal Age
14:44 Castle Age
15:28 Double-Bit Axe
16:06 Horse Collar
21:04 Wheelbarrow
23:54 Gold Mining
23:56 Pikeman
27:01 Gold Shaft Mining
31:23 Imperial Age
31:08 Squires
31:31 Bow Saw
31:49 Scale Mail Armor
31:59 Forging
31:40 Treadmill Crane
32:14 Fortified Wall
32:13 Halberdier
34:01 Chemistry
33:36 Heavy Plow
34:25 Chain Mail Armor
34:28 Redemption
37:01 Plate Mail Armor
37:06 Iron Casting
37:40 Fletching
Connection lost

Rejoining the realm…

Still unreachable

The connection could not be restored.

Session expired

The server has moved on; the page needs a fresh start.